 Dungeon Crawl Stone Soup version 0.30-a0-272-gf98c3da03f (webtiles) character file.

Game seed: 5442454152841308709

137 lunkers the Cutter (level 5, 0/27 (41) HPs)
             Began as a Meteoran Wanderer on Oct 16, 2022.
             Slain by a scorpion (5 damage)
             ... on level 4 of the Dungeon.
             The game lasted 00:03:36 (1260 turns).

lunkers the Cutter (Meteoran Wanderer)              Turns: 1260, Time: 00:03:37

HP:   0/27 (41)     AC:  5    Str: 14    XL:     5   Next: 73%
MP:   3/10          EV: 10    Int: 13    God:
Gold: 69            SH:  5    Dex: 15    Spells: 7/9 levels left

rFire   . . .      SeeInvis .    o - +1 dagger (speed)
rCold   . . .      Faith    .    c - +0 buckler {AC+3}
rNeg    . . .      Spirit   .    e - +0 robe
rPois   .          Reflect  .    (no helmet)
rElec   .          Harm     .    (no cloak)
rCorr   .          Rampage  .    (no gloves)
Will    .....                    (no boots)
Stlth   +.........               (no amulet)
HPRegen 0.24/turn                (no ring)
MPRegen 0.12/turn                (no ring)

@: very slightly contaminated, glowing, very heavily drained
A: sense surroundings 1, otherworldly, glowing, explore regen
a: no special abilities


You were on level 4 of the Dungeon.
You visited 1 branch of the dungeon, and saw 4 of its levels.

You collected 69 gold pieces.

Inventory:

Hand Weapons
 a - a +0 dagger
 o - a +1 dagger of speed (weapon)
Armour
 c - a +0 buckler of protection (worn)
 e - a +0 robe (worn)
Wands
 n - a wand of quicksilver (1)
Scrolls
 d - a scroll of blinking
 g - a scroll of amnesia {unknown}
 h - a scroll of acquirement {unknown}
 k - a scroll of enchant weapon {unknown}
 m - a scroll of enchant armour {unknown}
 p - a scroll of teleportation {unknown}
 s - a scroll of vulnerability {unknown}
Potions
 f - 2 potions of curing {unknown}
 i - a potion of attraction {unknown}
 j - a potion of resistance {unknown}
 l - a potion of mutation {unknown}
 q - 2 potions of haste {unknown}
 r - a potion of heal wounds {unknown}


   Skills:
 - Level 2.1 Fighting
 + Level 5.1 Short Blades
 - Level 2.4 Throwing
 - Level 3.6 Shields
 - Level 2.6 Spellcasting
 - Level 1.1 Necromancy


You had 7 spell levels left.
You knew the following spells:

 Your Spells              Type           Power      Damage    Failure   Level
b - Cigotuvi's Dreadful   Necr/Pois/Air  4%         N/A       38%         2

Your spell library contained the following spells:

 Spells                   Type           Power      Damage    Failure   Level
 Sublimation of Blood     Necr           4%         N/A       30%         2


Dungeon Overview and Level Annotations

Branches:
Dungeon (4/15) Zot: 1181
 Temple: D:4-7

Altars:

Shops:
D:3 (


Innate Abilities, Weirdness & Mutations

You passively map a small area around you.
You are easily found by Zot.
You glow in the dark.
You regain HP and MP as you explore.


Message History

The scorpion stings you.
* * * LOW HITPOINT WARNING * * *
Casting: Cigotuvi's Dreadful Rot (dangerous; 38% risk of failure)
Confirm with . or Enter, or press ? or * to list all spells.
A part of your flesh rots into a cloud of miasma!
You feel drained.
You feel sick. The scorpion barely misses you.
Unknown command.
Unknown command.
You feel sick.
You are no longer poisoned.
The scorpion stings you but does no damage.
You block the scorpion's attack. The scorpion attacks as you move away!
The scorpion stings you.
* * * LOW HITPOINT WARNING * * *
Found 4 stones.
The scorpion attacks as you move away! The scorpion closely misses you.
Casting: Cigotuvi's Dreadful Rot (quite dangerous; 38% risk of failure)
Confirm with . or Enter, or press ? or * to list all spells.
The spell is quite dangerous to miscast (38% risk of failure)!
Continue anyway? [Y]es or [N]o only, please.
The spell is quite dangerous to miscast (38% risk of failure)!
Continue anyway? [Y]es or [N]o only, please.
The spell is quite dangerous to miscast (38% risk of failure)!
Continue anyway?
You miscast Cigotuvi's Dreadful Rot.
You are very lightly contaminated with residual magic.
Nothing appears to happen.
The scorpion stings you but does no damage.
Unknown command.
Casting: Cigotuvi's Dreadful Rot (quite dangerous; 38% risk of failure)
Confirm with . or Enter, or press ? or * to list all spells.
The spell is quite dangerous to miscast (38% risk of failure)!
Continue anyway?
A part of your flesh rots into a cloud of miasma!
You feel drained. The scorpion closely misses you.
Unknown command.
You hit the scorpion.
The scorpion is moderately wounded.
You hit the scorpion but do no damage.
The scorpion is moderately wounded.
The scorpion stings you.
You die...

, ......# ....###....#
..........#.....###...#
.....).........##.....
(........##..# #####. *
#.........#..# ###.
#..##........## ##.##
#..#.........###....
#..##........##....#
#..@s..#.<...#....##
###.○..#.........##
###........##.....
###.........####...
#...........# ...
#...........#, ...
##..........# ,..(
#.........#.. .#.
.....(....... *.


You could see a scorpion.

Vanquished Creatures
  An ogre (D:4)
  A gnoll (D:3)
  A dart slug (D:1)
  3 orcs (D:3)
  5 ball pythons
  4 endoplasms
  3 giant cockroaches
  2 goblins
  4 hobgoblins
  2 kobolds
  4 bats
  A frilled lizard (D:2)
  5 rats
36 creatures vanquished.

Vanquished Creatures (others)
  10 toadstools (D:3)
10 creatures vanquished.

Grand Total: 46 creatures vanquished

Notes
Turn   | Place    | Note
-------+----------+-------------------------------------------
     0 | D:1      | lunkers the Meteoran Wanderer began the quest for the Orb.
     0 | D:1      | lunkers set off with the following items: a +0 dagger, 10
                  | poisoned darts, a +0 buckler of protection, a scroll of
                  | blinking, a +0 robe; and the following spells available to
                  | memorise: Sublimation of Blood, Cigotuvi's Dreadful Rot.
     0 | D:1      | Reached XP level 1. HP: 17/17 MP: 5/5
   122 | D:1      | Reached skill level 1 in Short Blades
   125 | D:1      | Reached XP level 2. HP: 24/24 MP: 6/6
   139 | D:1      | Learned a level 2 spell: Cigotuvi's Dreadful Rot
   250 | D:1      | Reached skill level 2 in Short Blades
   587 | D:2      | Reached XP level 3. HP: 29/29 MP: 8/8
   694 | D:2      | Found a faded altar of an unknown god.
   813 | D:3      | Found Hapach's Weapon Shoppe.
   891 | D:3      | Reached skill level 3 in Short Blades
  1104 | D:4      | Noticed an ogre
  1114 | D:4      | Killed an ogre
  1115 | D:4      | Reached skill level 4 in Short Blades
  1115 | D:4      | Reached skill level 5 in Short Blades
  1115 | D:4      | Reached XP level 4. HP: 10/36 MP: 4/9
  1115 | D:4      | Reached XP level 5. HP: 12/41 MP: 4/10
  1260 | D:4      | Slain by a scorpion

Illustrated notes

Levels and vault maps discovered:
D:1:      dpeg_arrival_rhombi, layout_basic
D:2:      layout_basic, shapermc_ecumenical_altar_mp_ritualfount
D:3:      cheibrodos_fertilizer, layout_basic, serial_shops, shop,
          minmay_crystal_room
D:4:      layout_cave_pools, gup_sewer_entry_spiral, minmay_bent

Skill      XL: |  1  2  3 |
---------------+----------+-----
Short Blades   | 1 2 5 |  5.1
Fighting       | |  2.1
Throwing       | |  2.4
Shields        | |  3.6
Spellcasting   | |  2.6
Necromancy     | |  1.1

Action                   |  1- 3 |  4- 6 || total
-------------------------+-------+-------++-------
Melee: Dagger            |    54 |    48 ||   102
Throw: Dart              |    70 |     6 ||    76
 Cast: Cigotuvi's Dreadf |     1 |     3 ||     4
Evoke: Wand              |     2 |       ||     2
Armor: Robe              |    17 |     6 ||    23
Dodge: Dodged            |    19 |    14 ||    33
Block: Buckler           |     7 |     9 ||    16

Table legend: (Time is in decaauts)
 A = Elapsed time spent in this place.
 B = Non-inter-level travel time spent in this place.
 C = Inter-level travel time spent in this place.
 D = Time resting spent in this place.
 E = Time spent auto-exploring this place.
 F = Levels seen in this place.
 G = Mean time per level.
                   A        B        C        D        E       F      G
               +--------+--------+--------+--------+--------+-----+--------+
         Total |   1218 |   1150 |     68 |      0 |    728 |   4 |  304.5 |
       Dungeon |   1218 |   1150 |     68 |      0 |    728 |   4 |  304.5 |
               +--------+--------+--------+--------+--------+-----+--------+

Top non-repeatable levels by time:
     D:2: 507 daAuts
     D:3: 364 daAuts
     D:1: 264 daAuts
     D:4: 81 daAuts
